 Dungeon Crawl Stone Soup version 0.28-a0-691-gad6df49e81 (webtiles) character file.

Game seed: 2880721221477104295

413 siradein the Gusty (level 6, -4/42 HPs)
             Began as a Demonspawn Air Elementalist on Oct 21, 2021.
             Was an Initiate of Hepliaklqana.
             Slain by a gnoll sergeant (9 damage)
             ... on level 5 of the Dungeon.
             The game lasted 00:13:45 (5352 turns).

siradein the Gusty (Demonspawn Air Elementalist)    Turns: 5352, Time: 00:13:46

Health: -4/42      AC:  4    Str:  9    XL:     6   Next: 59%
Magic:  8/11       EV: 12    Int: 18    God:    Hepliaklqana [......]
Gold:   101        SH:  0    Dex: 13    Spells: 1/11 levels left

rFire   + . .      SeeInvis .   h - +0 dagger (venom)
rCold   + . .      Faith    .   (no shield)
rNeg    . . .      Spirit   .   m - +0 leather armour
rPois   .          Reflect  .   (helmet restricted)
rElec   .          Harm     .   l - scarf {rC+ rF+}
rCorr   .          Rampage  .   (no gloves)
Will    .....                   (no boots)
Stlth   ++........              (no amulet)
HPRegen 0.14/turn               n - ring of flight
MPRegen 0.12/turn               (no ring)

@: flying, very slightly contaminated
A: antennae 1, ignite blood 2, sharp scales 1
a: Renounce Religion


You were on level 5 of the Dungeon.
You worshipped Hepliaklqana.
Hepliaklqana was noncommittal.
You visited 2 branches of the dungeon, and saw 6 of its levels.

You collected 101 gold pieces.

Inventory:

Hand Weapons
 h - a +0 dagger of venom (weapon)
Missiles
 e - 10 atropa-tipped darts (quivered)
Armour
 l - a scarf of resistance (worn)
 m - a +0 leather armour (worn)
Jewellery
 n - a ring of flight (left hand)
Scrolls
 b - a scroll of blinking {unknown}
 c - 3 scrolls of identify {unknown}
 i - a scroll of magic mapping {unknown}
 k - a scroll of fog {unknown}
 p - 2 scrolls of teleportation {unknown}
 q - a scroll of amnesia {unknown}
Potions
 a - a potion of flight {unknown}
 d - 4 potions of curing {unknown}
 f - a potion of cancellation {unknown}
 g - 4 potions of haste {unknown}
 j - a potion of lignification {unknown}
 o - a potion of brilliance {unknown}


   Skills:
 + Level 0.9 Fighting
 + Level 2.0 Short Blades
 + Level 3.2 Dodging
 - Level 1.7 Stealth
 + Level 3.4 Spellcasting
 + Level 3.0 Conjurations
 + Level 3.8 Air Magic
 + Level 1.0 Invocations


You had one spell level left.
You knew the following spells:

 Your Spells              Type           Power      Damage    Failure   Level
a - Shock                 Conj/Air       60%        1d6       5%          1
b - Static Discharge      Conj/Air       15%        N/A       9%          2
c - Swiftness             Air            16%        N/A       14%         3
d - Airstrike             Air            8%         N/A       41%         4

Your spell library contained the following spells:

 Spells                   Type           Power      Damage    Failure   Level
 Beastly Appendage        Tmut           6%         N/A       22%         1
 Sublimation of Blood     Necr           1%         N/A       32%         2
 Wereblood                Tmut           3%         N/A       32%         2
 Gell's Gravitas          Tloc           1%         N/A       54%         3
 Lesser Beckoning         Tloc           3%         N/A       54%         3
 Spider Form              Tmut/Pois      1%         N/A       54%         3
 Teleport Other           Tloc           3%         N/A       54%         3
 Petrify                  Tmut/Erth      3%         N/A       91%         4
 Irradiate                Conj/Tmut      4%         3d15      97%         5


Dungeon Overview and Level Annotations

Branches:
Dungeon (5/15)             Temple (1/1) D:4

Altars:
Ashenzari
Dithmenos
Elyvilon
Fedhas
Gozag
Hepliaklqana
Kikubaaqudgha
Makhleb
Nemelex Xobeh
Qazlal
Trog
Uskayaw
Vehumet
Wu Jian
Xom
Yredelemnul
Zin
The Shining One

Annotations:
D:3 1 runed translucent door, Crazy Yiuf


Innate Abilities, Weirdness & Mutations

You have a pair of small antennae on your head.
Your demonic aura often causes spilled blood to erupt in flames.
You are partially covered in razor-sharp scales. (AC +1, Slay +1)


Message History

Aim: a gnoll sergeant, wielding a +0 spear and wearing a +0 scale mail (severely wounded, poisoned, 79% to hit)
The zap misses the gnoll.
The zap hits the gnoll sergeant.
The gnoll sergeant is severely wounded.
The gnoll sergeant looks more healthy.
The gnoll closely misses you.
Throw: 4 darts (poison)
Press: ? - help, Q - select action, (/) - cycle Shift-Dir - straight line, f/p - gnoll sergeant
Aim: a gnoll sergeant, wielding a +0 spear and wearing a +0 scale mail (severely wounded, 65% to hit)
You throw a poisoned dart.
The poisoned dart barely misses the gnoll sergeant.
Throw: 3 darts (poison)
Press: ? - help, Q - select action, (/) - cycle Shift-Dir - straight line, f/p - gnoll sergeant
Aim: a gnoll sergeant, wielding a +0 spear and wearing a +0 scale mail (severely wounded, 65% to hit)
You throw a poisoned dart.
The poisoned dart closely misses the gnoll sergeant.
Throw: 2 darts (poison)
Press: ? - help, Q - select action, (/) - cycle Shift-Dir - straight line, f/p - gnoll sergeant
Aim: a gnoll sergeant, wielding a +0 spear and wearing a +0 scale mail (severely wounded, 65% to hit)
You throw a poisoned dart.
The poisoned dart barely misses the gnoll sergeant.
The gnoll sergeant closely misses you. The gnoll closely misses you.
Throw: dart (poison)
Press: ? - help, Q - select action, (/) - cycle Shift-Dir - straight line, f/p - gnoll sergeant
Aim: a gnoll sergeant, wielding a +0 spear and wearing a +0 scale mail (severely wounded, 65% to hit)
You throw a poisoned dart.
The poisoned dart hits the gnoll sergeant.
The gnoll sergeant is poisoned.
The gnoll sergeant is severely wounded.
The gnoll sergeant hits you from afar with a +0 spear.
The gnoll hits you from afar with a +0 spear.
* * * LOW HITPOINT WARNING * * *
The gnoll sergeant hits you with a +0 spear!
* * * LOW HITPOINT WARNING * * *
The gnoll hits you but does no damage.
Casting: Shock (safe; 5% risk of failure)
Confirm with . or Enter, or press ? or * to list all spells.
You miscast Static Discharge.
You are very lightly contaminated with residual magic.
Nothing appears to happen.
The gnoll sergeant hits you with a +0 spear!
You die...

#........ .......
.....##+######
#...#.......#+#####
#...#...(.........#
{#...#.............+
#.gg).............#
####<.g#.............#
#....@.#.............#
#......#.............#
#....###......).)....#
######........#####...
#........# #().
#.......[# #...
#........# #...
#........# #...
#........# #...


You could see a gnoll sergeant (poisoned) and 2 gnolls.

Vanquished Creatures
  An ogre (D:4)
  A scorpion (D:4)
  2 hounds (D:4)
  A gnoll shaman (D:5)
  A killer bee zombie (D:5)
  4 gnolls (D:5)
  3 adders
  3 worms
  A dart slug (D:4)
  An orc (D:3)
  7 ball pythons
  7 bats
  4 endoplasms
  2 giant cockroaches
  4 goblins
  6 hobgoblins
  9 jackals
  13 kobolds
  2 quokkas
  5 frilled lizards
  9 rats
86 creatures vanquished.

Vanquished Creatures (others)
  6 plants (D:1)
6 creatures vanquished.

Grand Total: 92 creatures vanquished

Notes
Turn   | Place    | Note
-------+----------+-------------------------------------------
     0 | D:1      | siradein the Demonspawn Air Elementalist began the quest
                  | for the Orb.
     0 | D:1      | Reached XP level 1. HP: 13/13 MP: 3/3
   310 | D:1      | Gained mutation: You have a pair of small antennae on your
                  | head. [demonic ancestry]
   310 | D:1      | Reached XP level 2. HP: 16/19 MP: 0/5
   755 | D:1      | Found a faded altar of an unknown god.
  1452 | D:2      | Gained mutation: Your demonic aura sometimes causes spilled
                  | blood to erupt in flames. [demonic ancestry]
  1452 | D:2      | Reached XP level 3. HP: 24/24 MP: 3/6
  2614 | D:3      | Learned a level 2 spell: Static Discharge
  2618 | D:3      | Learned a level 3 spell: Swiftness
  2744 | D:3      | Found a runed translucent door.
  2745 | D:3      | Noticed Crazy Yiuf
  2794 | D:3      | Reached XP level 4. HP: 30/30 MP: 3/7
  4022 | D:4      | Noticed an ogre
  4033 | D:4      | Killed an ogre
  4034 | D:4      | Reached skill level 1 in Short Blades
  4034 | D:4      | Gained mutation: You are partially covered in razor-sharp
                  | scales. (AC +1, Slay +1) [demonic ancestry]
  4034 | D:4      | Reached XP level 5. HP: 35/35 MP: 1/9
  4202 | D:4      | Gained mutation: Your demonic aura often causes spilled
                  | blood to erupt in flames. [demonic ancestry]
  4202 | D:4      | Reached XP level 6. HP: 27/41 MP: 5/10
  4394 | D:4      | Found a staircase to the Ecumenical Temple.
  4407 | Temple   | Entered the Ecumenical Temple
  4444 | Temple   | Became a worshipper of Hepliaklqana the Forgotten
  4460 | D:4      | Learned a level 4 spell: Airstrike
  4944 | D:5      | Entered Level 5 of the Dungeon
  5276 | D:5      | Reached skill level 1 in Invocations
  5352 | D:5      | Slain by a gnoll sergeant

Illustrated notes

Levels and vault maps discovered:
D:1:      minmay_arrival_open_corners, layout_basic,
          shapermc_ecumenical_altar_mp_vishouse, lexackson_kobold_supper
D:2:      layout_basic, basic_altar, serial_curves, eino_curves_02,
          eino_curves_01, minmay_tromino_v4_a
D:3:      layout_loops_ring, grunt_ministairs_4, uniq_crazy_yiuf_cottage
D:4:      layout_gridville, minmay_temple_entry_tees
D:5:      layout_gridville, ebering_ghost_reflecting_pool, uniq_edmund,
          uniq_ijyb
Temple:   grunt_wide_crystal_templ

Skill      XL: |  1  2  3  4  5  6 |
---------------+-------------------+-----
Dodging        | 2 3 |  3.2
Air Magic      | 3 |  3.8
Conjurations   | 2 3 |  3.0
Short Blades   | 1 2 |  2.0
Spellcasting   | 3 |  3.4
Invocations    | 1 |  1.0
Fighting       | |  0.9
Stealth        | |  1.7

Action                   |  1- 3 |  4- 6 || total
-------------------------+-------+-------++-------
Melee: Hand axe          |    22 |       ||    22
       Dagger            |    49 |    88 ||   137
Throw: Dart              |       |    12 ||    12
 Cast: Shock             |    74 |    79 ||   153
       Static Discharge  |       |     3 ||     3
 Stab: Sleeping          |     1 |       ||     1
Armor: Robe              |     9 |     5 ||    14
       Leather armour    |       |     9 ||     9
Dodge: Dodged            |    52 |    68 ||   120

Table legend: (Time is in decaauts)
 A = Elapsed time spent in this place.
 B = Non-inter-level travel time spent in this place.
 C = Inter-level travel time spent in this place.
 D = Time resting spent in this place.
 E = Time spent auto-exploring this place.
 F = Levels seen in this place.
 G = Mean time per level.
                   A        B        C        D        E       F      G
               +--------+--------+--------+--------+--------+-----+--------+
         Total |   5351 |   5218 |    133 |    228 |   4254 |   6 |  891.8 |
       Dungeon |   5304 |   5171 |    133 |    228 |   4236 |   5 | 1060.8 |
        Temple |     46 |     46 |      0 |      0 |     18 |   1 |   46.0 |
               +--------+--------+--------+--------+--------+-----+--------+

Top non-repeatable levels by time:
     D:1: 1430 daAuts
     D:3: 1409 daAuts
     D:2: 1184 daAuts
     D:4: 1103 daAuts
     D:5: 176 daAuts
  Temple: 46 daAuts
